 Dungeon Crawl Stone Soup version 0.29.1-4-g47bece8355 (webtiles) character file.

Game seed: 3792341616416983468

233 retardedninja the Chopper (level 6, -9/53 HPs)
             Began as a Hill Orc Fighter on Dec 1, 2022.
             Mangled by an ogre
             ... wielding a +0 giant club
              (27 damage)
             ... on level 4 of the Dungeon.
             The game lasted 00:03:20 (3790 turns).

retardedninja the Chopper (Hill Orc Fighter)        Turns: 3790, Time: 00:03:21

Health: -9/53      AC:  9    Str: 21    XL:     6   Next: 4%
Magic:  6/6        EV:  7    Int:  8    God:
Gold:   202        SH:  4    Dex: 10    Spells: 5/5 levels left

rFire   . . .      SeeInvis .   a - +0 war axe
rCold   . . .      Faith    .   c - +0 buckler
rNeg    . . .      Spirit   .   j - +0 chain mail
rPois   .          Reflect  .   (no helmet)
rElec   .          Harm     .   (no cloak)
rCorr   .          Rampage  .   (no gloves)
Will    .....                   (no boots)
Stlth   ..........              (no amulet)
HPRegen 0.17/turn               (no ring)
MPRegen 0.10/turn               (no ring)

@: mighty, lethally poisoned (-9 -> -10)
A: no striking features
a: no special abilities


You were on level 4 of the Dungeon.
You visited 1 branch of the dungeon, and saw 4 of its levels.

You collected 202 gold pieces.

Inventory:

Hand Weapons
 a - a +0 war axe (weapon)
Armour
 c - a +0 buckler (worn)
 j - a +0 chain mail (worn)
Scrolls
 f - a scroll of immolation {unknown}
 g - 2 scrolls of teleportation {unknown}
 h - 2 scrolls of amnesia {unknown}
 i - 3 scrolls of magic mapping {unknown}
 k - 6 scrolls of identify {unknown}
 l - a scroll of noise {unknown}
 m - a scroll of vulnerability {unknown}
 n - a scroll of acquirement {unknown}
 p - a scroll of enchant armour {unknown}
Potions
 b - 2 potions of curing {unknown}
 d - 2 potions of might
 e - 2 potions of haste {unknown}
 o - a potion of ambrosia {unknown}
 q - a potion of attraction {unknown}


   Skills:
 + Level 4.4 Fighting
 + Level 4.9 Axes
 + Level 4.3 Armour
 + Level 0.7 Dodging
 + Level 0.1 Stealth
 + Level 4.6 Shields


You had 5 spell levels left.
You didn't know any spells.
Your spell library contained the following spells:

 Spells                   Type           Power      Damage    Failure   Level
 Apportation              Tloc           0%         N/A       99%         1
 Necrotise                Necr           0%         1d4       99%         1
 Summon Small Mammal      Summ           0%         N/A       99%         1
 Conjure Flame            Conj/Fire      0%         6-21      100%        3
 Ignite Poison            Fire/Tmut/Pois 0%         N/A       100%        3
 Ozocubu's Armour         Ice            0%         N/A       100%        3
 Vampiric Draining        Necr           0%         2d6       100%        3
 Sticky Flame             Conj/Fire      0%         2d3       100%        4
 Agony                    Necr           0%         N/A       100%        5
 Metabolic Englaciation   Hex/Ice        0%         N/A       100%        5
 Simulacrum               Ice/Necr       0%         N/A       100%        6


Dungeon Overview and Level Annotations

Branches:
Dungeon (4/15)
 Temple: D:4-7

Altars:
Okawaru
The Shining One


Message History

The ufetubus hits you. The ball python bites you. The ball python grabs you.
The ball python constricts you.
You closely miss the ball python. You slash the ufetubus!
You kill the ufetubus!
You completely miss the adder. The adder bites you.
An ogre comes into view. It is wielding a +0 giant club.
The ball python barely misses you. The ball python constricts you.
The adder bites you.
You slash the ball python!
You kill the ball python!
You slash the adder! You slash the white imp!
The adder bites you but does no damage. The white imp hits you.
The white imp freezes you. The adder bites you but does no damage.
You completely miss the adder.
The adder is almost dead.
You hit the white imp.
You kill the white imp!
The adder closely misses you.
You have reached level 6!
You feel very mighty all of a sudden. The adder bites you.
You are poisoned.
The adder poisons you! The adder bites you but does no damage.
The adder attacks as you move away! The adder bites you but does no damage.
You feel sick. The ogre hits you with a +0 giant club.
You feel sick. The ogre hits you with a +0 giant club!
You hit the ogre.
The ogre is moderately wounded.
You slash the adder!
You kill the adder!
You feel sick. You block the ogre's attack.
You barely miss the ogre.
The ogre is moderately wounded.
You feel sick.
You slice the ogre!!
The ogre is almost dead.
You feel sick.
The ogre hits you with a +0 giant club!!
Ouch! That really hurt!
You die...

.~.~.P.. ≈~~~~~.#
.~~~~P.# # . ~.~.
#.######. ... ####
........##.# ....
.......†#.# # ###.
.........@# .#
........#O## #.#
........##.###.##
.<#.##..........# .
#.##.#####.#..#
............##
####..♣.......###.###.#
..§..P... .....>..# ...
≈≈§...P..
..#.#...###.###


You could see an ogre.

Vanquished Creatures
  A quasit (D:4)
  A hound (D:4)
  5 adders
  2 shadow imps (D:4)
  2 white imps (D:4)
  2 ufetubi (D:4)
  4 worms
  5 dart slugs
  4 orcs
  7 ball pythons
  4 bats
  8 endoplasms
  5 giant cockroaches
  A hobgoblin (D:1)
  3 jackals (D:1)
  3 quokkas
  6 goblins
  4 kobolds
  2 rats
69 creatures vanquished.

Vanquished Creatures (others)
  5 demonic plants (D:4)
5 creatures vanquished.

Grand Total: 74 creatures vanquished

Notes
Turn   | Place    | Note
-------+----------+-------------------------------------------
     0 | D:1      | retardedninja the Hill Orc Fighter began the quest for the
                  | Orb.
     0 | D:1      | Reached XP level 1. HP: 19/19 MP: 1/1
   152 | D:1      | Reached XP level 2. HP: 27/27 MP: 2/2
   586 | D:1      | Reached XP level 3. HP: 33/33 MP: 3/3
   746 | D:1      | Found a faded altar of an unknown god.
  1202 | D:2      | Reached XP level 4. HP: 40/40 MP: 4/4
  1666 | D:3      | Found a glowing golden altar of the Shining One.
  1827 | D:3      | Found an iron altar of Okawaru.
  2971 | D:4      | Reached XP level 5. HP: 35/47 MP: 5/5
  3782 | D:4      | Noticed an ogre
  3785 | D:4      | Reached XP level 6. HP: 39/53 MP: 6/6
  3790 | D:4      | Mangled by an ogre

Illustrated notes

Levels and vault maps discovered:
D:1:      ncdulo_smallfort, layout_loops_ring, basic_ecumenical_altar,
          grunt_decor_cap
D:2:      layout_basic, chequers_serial_rivers_micro_d
D:3:      layout_loops_ring, lemuel_crystal_altar, mainiacjoe_overflow_alcove_2,
          hex_tiny
D:4:      kennysheep_spiral_hall, layout_loops_ring,
          nicolae_overflow_hidden_temple, serial_demonic, serial_demonic_b,
          serial_demonic_g, serial_demonic_f, serial_demonic_b

Skill      XL: |  1  2  3  4 |
---------------+-------------+-----
Axes           | 3 4 |  4.9
Fighting       | 4 |  4.4
Shields        | 4 |  4.6
Armour         | 4 |  4.3
Dodging        | |  0.7
Stealth        | |  0.1

Action                   |  1- 3 |  4- 6 || total
-------------------------+-------+-------++-------
Melee: War axe           |    76 |   113 ||   189
  Use: Potion            |       |     1 ||     1
Armor: Scale mail        |    21 |       ||    21
       Chain mail        |    19 |    64 ||    83
Dodge: Dodged            |    33 |    52 ||    85
Block: Buckler           |    17 |    27 ||    44
